AoeStats
← Bangputys

African Clearing

506800678Analyzed
4v4 RM · 18d ago on Sep 15, 2026· 49m 15s· 8 players
Game mode
Random Map
Map size
Large (8 player)
Population
200
Speed
Normal
Resources
Standard
Victory
Conquest
Starting age
Dark Age
Ending age
Imperial Age
RankedLock teamsTeams togetherTeam positionsShared explorationLock speedFull tech treeHidden civsTurbo modeCheats
Victory
Defeat
🇱🇹 Britons · Lithuania
1171
+12
1086
+16
🇲🇽 Japanese · Mexico
961
+21
🇹🇷 Vikings · Türkiye
867
+25
🇨🇳 Berbers · China
1133
-21
🇨🇳 Dravidians · China
1095
-19
🇹🇼 Magyars · Taiwan
1048
-46
🇨🇳 Koreans · China
1028
-17
shadow
11:06 Loom
14:04 Feudal Age
15:09 Double-Bit Axe
15:10 Horse Collar
15:26 Town Watch
18:25 Scale Barding Armor
23:29 Bloodlines
爱坚果
3:13 Loom
14:45 Feudal Age
15:27 Double-Bit Axe
19:22 Castle Age
18:03 Stone Mining
19:25 Fletching
20:52 Bow Saw
20:34 Fishing Lines
24:35 Ballistics
24:18 Elite Skirmisher
27:10 Gillnets
27:12 Horse Collar
28:51 Bodkin Arrow
31:07 Padded Archer Armor
33:07 Leather Archer Armor
Hermann_Meyer
7:23 Loom
7:26 Loom
15:00 Feudal Age
19:08 Bloodlines
19:07 Scale Barding Armor
19:44 Double-Bit Axe
19:41 Horse Collar
25:36 Castle Age
24:10 Forging
25:51 Scale Mail Armor
27:12 Chain Barding Armor
27:15 Husbandry
坦诚哥
13:41 Feudal Age
17:41 Castle Age
15:51 Double-Bit Axe
15:47 Horse Collar
16:59 Stone Mining
17:12 Horse Collar
18:15 Town Watch
19:05 Wheelbarrow
23:48 Bow Saw
25:05 Loom
26:24 Gold Mining
28:07 Hand Cart
27:56 Heavy Plow
29:50 Fletching
30:54 Bodkin Arrow
31:01 Scale Mail Armor
31:11 Forging
31:01 Arson
31:17 Squires
31:02 Gambesons
32:47 Chain Mail Armor
32:10 Elite Skirmisher
34:10 Iron Casting
33:52 Thumb Ring
35:23 Gold Shaft Mining
35:24 Stone Shaft Mining
39:33 Town Patrol
42:59 Imperial Age
42:55 Eupseong
43:02 Scale Barding Armor
43:25 Fortified Wall
43:26 Masonry
43:37 Ballistics
43:00 Treadmill Crane
43:46 Bracer
44:19 Plate Mail Armor
44:24 Arrowslits
45:24 Guilds
45:43 Murder Holes
46:39 Conscription
47:37 Elite War Wagon
SongForBob
12:49 Loom
16:45 Feudal Age
22:16 Man-at-Arms
26:28 Forging
30:20 Castle Age
28:23 Horse Collar
28:53 Double-Bit Axe
29:40 Forging
30:06 Scale Mail Armor
30:09 Arson
32:43 Iron Casting
31:31 Long Swordsman
33:20 Chain Mail Armor
33:34 Pikeman
34:00 Gambesons
34:17 Squires
35:12 Fletching
39:14 Bow Saw
39:06 Heavy Plow
43:14 Bodkin Arrow
50:28 Imperial Age
49:26 Padded Archer Armor
49:25 Town Watch
Bangputys
5:46 Loom
14:22 Feudal Age
15:13 Double-Bit Axe
17:45 Castle Age
16:09 Gold Mining
16:26 Horse Collar
18:43 Bow Saw
20:02 Fletching
21:21 Crossbowman
24:31 Bodkin Arrow
28:29 Ballistics
29:37 Wheelbarrow
29:52 Padded Archer Armor
33:17 Town Watch
35:59 Hand Cart
36:30 Leather Archer Armor
38:14 Town Patrol
46:10 Imperial Age
46:13 Gold Shaft Mining
46:17 Arbalester
47:01 Bracer
47:26 Yeomen
48:15 Chemistry
47:56 Heavy Plow
48:08 Onager
48:49 Capped Ram
AFK or first to leave? EATMY ass
16:11 Feudal Age
21:41 Castle Age
30:36 Horse Collar
30:43 Double-Bit Axe
33:46 Scale Barding Armor
39:57 Heavy Plow
43:35 Imperial Age
41:33 Chain Barding Armor
41:25 Forging
42:21 Wheelbarrow
43:56 Hand Cart
43:49 Husbandry
44:01 Bloodlines
44:39 Conscription
43:42 Cavalier
47:19 Plate Barding Armor
48:40 Bow Saw
49:11 Iron Casting
49:45 Marauders
SER
12:08 Loom
14:28 Feudal Age
15:00 Double-Bit Axe
15:36 Town Watch
21:12 Castle Age
20:39 Fletching
21:49 Padded Archer Armor
22:08 Bow Saw
21:51 Crossbowman
23:45 Bodkin Arrow
27:25 Horse Collar
33:05 Heavy Plow
Connection lost

Rejoining the realm…

Still unreachable

The connection could not be restored.

Session expired

The server has moved on; the page needs a fresh start.